cohdb
Replays
Latest Replays
All Replays
Popular Replays
Top Player Replays
Match Explorer
How It Works
Community
CoH3 Stats
Reddit
Sign in to upload your games and track your stats! →
Sign in with Steam
Match 45447350
Unlisted
Match 45447350
Overview
Messages
Build Orders
End
Construct Section Command Post
Infantry Section
Selects Indian Artillery Battlegroup
Dingo Light Scout Car
Infantry Section
Infantry Section
Construct Platoon Command Post
Selects Towed ML 4.2-inch Heavy Mortar
6-pounder Anti-tank Gun Team
Towed ML 4.2-inch Heavy Mortar
Construct Company Command Post
Selects Valour
Selects Gurkha Rifles Section
Crusader II Medium Tank
Royal Engineer Section
Infantry Training
Unlock M3 Grant Medium Tanks
Foot Guards Section
M3 Grant Medium Tank
Selects Volunteer Infantry
Construct Field Infirmary
Grenade Package
Royal Engineer Section
Selects Off-map Airburst Barrage
M3 Grant Medium Tank
Armored Vehicle Training
CMP 15cwt Truck
Selects Perimeter Monitor
HelpingHans
BigDickBaller
M3di4t0r
Grimauldus
Nice-Rice_2468
Tufdjtu
0
0
Comments
sign in to comment!
No comments posted yet!